 Dungeon Crawl Stone Soup version 0.17-a0-1951-g62301d3 (webtiles) character file.

103 shakdrar the Covered (level 5, -3/42 HPs)
             Began as a Formicid Fighter on Oct 2, 2015.
             Killed by divine providence
             ... invoked by an orc priest
              (15 damage)
             ... on level 3 of the Dungeon.
             The game lasted 00:06:56 (2032 turns).

shakdrar the Covered (Formicid Fighter)             Turns: 2032, Time: 00:06:56

Health: -3/42      AC:  7    Str: 21    XL:     5   Next: 6%
Magic:  5/5        EV:  8    Int:  8    God:
Gold:   106        SH:  9    Dex: 10    Spells: 0 memorised, 4 levels left

rFire  . . .     SeeInvis +     a - +0 flail
rCold  . . .     Clarity  .     b - +0 scale mail
rNeg   . . .     SustAt   .     c - +0 shield
rPois  .         Gourm    .     (helmet unavailable)
rElec  .         Spirit   .     (no cloak)
rCorr  .         Warding  .     (no gloves)
rMut   .         Stasis   +     (no boots)
MR     .....                    (no amulet)
Stlth  ..........               (no ring)
                                (no ring)

@: lethally poisoned (-3 -> -12), not resistant to hostile enchantments,
extremely unstealthy
A: permanent stasis, dig shafts and tunnels, four strong arms, antennae 3
a: Dig, Shaft Self


You were on level 3 of the Dungeon.
You were not hungry.

You visited 1 branch of the dungeon, and saw 3 of its levels.

You collected 106 gold pieces.

Inventory:

Hand weapons
 a - a +0 flail (weapon)
Armour
 b - a +0 scale mail (worn)
 c - a +0 shield (worn)
 i - a +0 plate armour
Scrolls
 h - 2 scrolls of identify {unknown}
 k - a scroll of remove curse
Potions
 d - a potion of might
 g - 2 potions of degeneration {unknown}
 m - 3 potions of curing {unknown}
Comestibles
 e - 4 bread rations
 f - a royal jelly
 j - 5 chunks of flesh
 l - 2 meat rations


   Skills:
 + Level 3.9 Fighting
 * Level 3.2 Maces & Flails
 + Level 4.2 Armour
 + Level 4.1 Shields


You had 4 spell levels left.
You didn't know any spells.

Dungeon Overview and Level Annotations

Branches:
Dungeon (3/15)

Altars:
Kikubaaqudgha


Innate Abilities, Weirdness & Mutations

You are under a permanent stasis effect.
You can dig through walls and to a lower floor.
Your four strong arms can wield two-handed weapons with a shield.
You have a pair of large antennae on your head (SInv).


Message History

Found a ring mail.
An orc comes into view. It is wielding a trident of venom.
There is a stone staircase leading up here.
Found a leather armour.
An orc priest comes into view. It is wielding a hand axe.
The orc priest mumbles some strange prayers to Beogh against you.
Something smites you!
There is a stone staircase leading up here.
The orc priest mumbles some strange prayers to Beogh against you.
Something smites you!
You closely miss the orc. The orc hits you but does no damage.
You sock the orc!
You kill the orc!
The orc hits you from afar with a trident of venom.
The orc hits you with a trident of venom.
* * * LOW HITPOINT WARNING * * *
You are poisoned.
The orc priest invokes the aid of Beogh against you.
Something smites you!
You die...

....#.......# ...
#.###.......# #.#
....#.......# #.#
....##.....## #.#
...........#### #.#
....##........# #.#
....##........###<#
########........#o#
# #...>....@o# #
#........### #
#(.....### ##
####.... .# ####.#
## { { { . # { { {
# { ##{


You could see an orc priest and an orc.

Vanquished Creatures
  4 adders
  3 oozes
  3 giant geckos (D:2)
  2 orcs (D:3)
  4 bats
  4 giant cockroaches
  4 goblins
  9 hobgoblins
  A quokka (D:3)
  2 giant newts
  9 kobolds
  4 rats
  3 rat zombies (D:3)
52 creatures vanquished.

Notes
Turn   | Place    | Note
--------------------------------------------------------------
     0 | D:1      | shakdrar the Formicid Fighter began the quest for the Orb.
     0 | D:1      | Reached XP level 1. HP: 18/18 MP: 1/1
   113 | D:1      | Reached XP level 2. HP: 24/24 MP: 2/2
   459 | D:1      | Reached XP level 3. HP: 29/29 MP: 3/3
  1076 | D:2      | Reached skill level 4 in Armour
  1076 | D:2      | Reached XP level 4. HP: 25/37 MP: 4/4
  1498 | D:3      | Found a faded altar to an unknown god.
  1904 | D:3      | Reached XP level 5. HP: 37/42 MP: 5/5
  1958 | D:3      | Found an ancient bone altar of Kikubaaqudgha.
  2032 | D:3      | Killed from afar by an orc priest

Vault maps used:
D:1:      shiori_angband_town
D:2:      amethyst_killhole
D:3:      lemuel_round_altar, lemuel_zombie_altar_kikubaaqudgha,
          ecumenical_altar_2, minmay_rats_cheesy_pizza

Action                   |  1- 3 |  4- 6 || total
-------------------------+-------+-------++-------
Melee: Flail             |   110 |    77 ||   187
  Use: Scroll            |     4 |       ||     4
  Eat: Chunk             |     1 |     3 ||     4
